 Dungeon Crawl Stone Soup version 0.28-a0-1616-g050a50673c (webtiles) character file.

Game seed: 1753435315346760336

20 spaghetti the Chucker (level 2, -6/17 HPs)
             Began as an Octopode Wanderer on Jan 23, 2022.
             Was a Follower of Cheibriados.
             Mangled by a worm (7 damage)
             ... on level 2 of the Dungeon.
             The game lasted 00:01:57 (1864 turns).

spaghetti the Chucker (Octopode Wanderer)           Turns: 1864, Time: 00:01:57

Health: -6/17      AC:  1    Str: 11 (13) XL:     2   Next: 79%
Magic:  3/3        EV: 12    Int: 14 (17) God:    Cheibriados [*.....]
Gold:   58         SH:  4    Dex: 14 (15) Spells: 3/3 levels left

rFire   . . .      SeeInvis .   a - +0 dagger (vorpal) {short}
rCold   . . .      Faith    .   d - +0 buckler
rNeg    . . .      Spirit   .   (helmet restricted)
rPois   .          Reflect  .   (no amulet)
rElec   .          Harm     .   (no ring)
rCorr   .          Rampage  .   (no ring)
Will    .....                   (no ring)
Stlth   +++.......              (no ring)
HPRegen 0.05/turn               (no ring)
MPRegen 0.08/turn               (no ring)
                                (no ring)
                                (no ring)

@: very slow
A: almost no armour, amphibious, 8 rings, camouflage 1, gelatinous body 1,
(nimble swimmer 1), tentacles
a: Renounce Religion, Bend Time


You were on level 2 of the Dungeon.
You worshipped Cheibriados.
Cheibriados was aware of your devotion.
You visited 1 branch of the dungeon, and saw 2 of its levels.

You collected 58 gold pieces.


Innate Abilities, Weirdness & Mutations

You cannot wear most types of armour.
You are amphibious.
You can wear up to eight rings at the same time.
Your skin changes colour to match your surroundings (Stealth+).
Your rubbery body absorbs attacks. (AC +1, EV +1)
((You are camouflaged when in or above water. (Stealth+)))
You have tentacles for arms and can constrict up to eight enemies at once.


   Skills:
 + Level 2.1 Short Blades
 - Level 4.0 Throwing
 + Level 1.7 Dodging
 - Level 1.3 Stealth
 - Level 2.0 Shields
 - Level 1.0 Spellcasting


You had 3 spell levels left.
You didn't know any spells.
Your spell library was empty.

Inventory:

Hand Weapons
 a - a +0 vorpal dagger (weapon) {short}
 c - a +0 short sword {short}
Missiles
 b - a curare-tipped dart (quivered) {=fthrowing}
 e - 21 sling bullets
 g - 5 stones {throwing}
 h - 24 arrows
 i - 15 bolts
Armour
 d - a +0 buckler (worn)
Scrolls
 f - a scroll of immolation {!r!r}
 k - a scroll of identify {unknown}
 l - a scroll of magic mapping {unknown}

Dungeon Overview and Level Annotations

Branches:
Dungeon (2/15)

Altars:
Cheibriados

Shops:
D:1

! .. <# #.
.# .# .#
.. .# #.
.# #. .#
..####.#w#
.......@.#
######.?##
#..# #..#
#>.# #..#
#..# #..#
#..#


You could see a worm.


Message History

No target in view!
Done exploring.
Done exploring.
(D) Dungeon
Where to? (Enter - D:1 @ (x,y), ? - help)
There is a stone staircase leading down here.
You climb downwards.
There is a stone staircase leading up here.
Unknown command.
You now have 27 gold pieces (gained 5).
Found an escape hatch in the ceiling.
There is an escape hatch in the ceiling here.
A kobold comes into view. It is wielding a +0 club.
The kobold shouts!
The kobold moves out of view.
No target in view!
A kobold is nearby!
The kobold barely misses you.
You hit the kobold but do no damage. You grab the kobold.
You squeeze the kobold, but do no damage.
You constrict the kobold. The kobold hits you but does no damage.
You hit the kobold but do no damage. You squeeze the kobold.
You kill the kobold!
Cheibriados appreciates the change of pace.
No target in view!
No target in view!
No target in view!
No target in view!
No target in view!
No target in view!
No target in view!
No target in view!
Found an escape hatch in the floor.
Things that are here:
a +0 club {mace}; a kobold corpse An endoplasm comes into view.
An endoplasm is nearby!
The helpless endoplasm fails to defend itself.
You puncture the endoplasm!
You kill the endoplasm!
Cheibriados appreciates the change of pace.
Cheibriados raises the support of your attributes as your movement slows.
No target in view!
No target in view!
No target in view!
No target in view!
No target in view!
No target in view!
No target in view!
No target in view!
No target in view!
k - a scroll labelled UMUHIS LOEF You now have 41 gold pieces (gained 14).
A goblin comes into view. It is wielding a +0 club.
The helpless goblin fails to defend itself.
You puncture the goblin!
You kill the goblin!
Cheibriados appreciates the change of pace.
No target in view!
No target in view!
No target in view!
No target in view!
No target in view!
No target in view!
No target in view!
No target in view!
No target in view!
No target in view!
You now have 51 gold pieces (gained 10).
You see here a +0 ring mail.
Found a stone staircase leading down.
You now have 58 gold pieces (gained 7).
l - a scroll labelled BALAT FIDDUOLL
Found two stone staircases leading down.
A ball python comes into view.
A ball python is nearby!
A worm comes into view.
You see here a scroll of immolation {!r!r}.
The helpless ball python fails to defend itself.
You puncture the ball python!
You kill the ball python!
Cheibriados thoroughly appreciates the change of pace.
Found a stone staircase leading up.
The worm bites you! 😮 HP[-7]
You take 7 damage, and now have 10/17 hp.
MASSIVE DAMAGE!! (PAUSE)
You hit the worm but do no damage. You grab the worm.
You squeeze the worm, but do no damage. You constrict the worm. 😮 HP[+1]
You hit the worm but do no damage. You constrict the worm. The worm bites you!
Ouch! That really hurt!
* * * LOW HITPOINT WARNING * * *
😱 HP[-10]
You take 10 damage, and now have 1/17 hp.
MASSIVE DAMAGE!! (PAUSE) It was a potion of degeneration.
There was something very wrong with that liquid.
You feel weakened.
You feel dopey.
You feel clumsy.
You constrict the worm. The worm bites you!
You die...

Skill      XL: |  1  2 |
---------------+-------+-----
Short Blades   | 2 |  2.1
Throwing       | |  4.0
Dodging        | |  1.7
Stealth        | |  1.3
Shields        | |  2.0
Spellcasting   | |  1.0

Action                   || total
-------------------------++-------
Melee: Dagger            ||    31
       Constrict         ||     7
       Tentacles         ||     5
Throw: Dart              ||     1
  Use: Potion            ||     1
 Stab: Sleeping          ||     6
Armor: Skin              ||     4
Dodge: Dodged            ||    11
Block: Buckler           ||     8

Levels and vault maps discovered:
D:1:      minmay_arrival_nine_rooms, layout_basic,
          hellmonk_ecumenical_altar_blasted, serial_shops, nicolae_shop_trees,
          chequers_serial_rivers_small_a
D:2:      layout_loops_ring, minmay_split_cup_large

Notes
Turn   | Place    | Note
-------+----------+-------------------------------------------
     0 | D:1      | spaghetti the Octopode Wanderer began the quest for the
                  | Orb.
     0 | D:1      | spaghetti set off with the following items: a +0 vorpal
                  | dagger {short}, a curare-tipped dart {=fthrowing}, a +0
                  | short sword {short}, a +0 buckler
     0 | D:1      | Reached XP level 1. HP: 11/11 MP: 2/2
     0 | D:1      | magus.rc [v1.9.6]
   261 | D:1      | Found a faded altar of an unknown god.
   359 | D:1      | Prayed at the altar of an unknown god.
   359 | D:1      | Became a worshipper of Cheibriados the Contemplative
   359 | D:1      | Reached * piety under Cheibriados
   679 | D:1      | Reached XP level 2. HP: 17/17 MP: 3/3
   698 | D:1      | HP: 2/17 [goblin (5)]
  1062 | D:1      | Found Ygo Teob's Distillery.
  1316 | D:1      | Reached skill level 2 in Short Blades
  1863 | D:2      | HP: 1/17 [worm (10)]
  1864 | D:2      | Mangled by a worm

Vanquished Creatures
  A dart slug (D:1)
  2 ball pythons
  2 endoplasms
  3 hobgoblins (D:1)
  4 bats (D:1)
  2 goblins
  2 kobolds
  A rat (D:1)
17 creatures vanquished.

Table legend:
 A = Non-vault XP
 B = Vault XP
 C = Vault XP percentage of total XP
 D = Non-vault monster count
 E = Vault monster count
 F = Vault count percentage of total count
                 A         B        C        D         E       F
            +---------+---------+-------+---------+---------+-------
      Total |      29 |       0 |   0.0 |      17 |       0 |   0.0
            +---------+---------+-------+---------+---------+-------
        D:1 |      22 |       0 |   0.0 |      13 |       0 |   0.0
        D:2 |       7 |       0 |   0.0 |       4 |       0 |   0.0
            +---------+---------+-------+---------+---------+-------

Illustrated notes

Table legend:
 A = Kills in this place as a percentage of kills in entire the game.
 B = Kills by you in this place as a percentage of kills by you in the entire game.
 C = Kills by friends in this place as a percentage of kills by friends in the entire game.
 D = Other kills in this place as a percentage of other kills in the entire game.
 E = Experience gained in this place as a percentage of experience gained in the entire game.
 F = Experience gained in this place divided by the number of levels of this place that you have seen.
                   A       B       C       D       E      F
               +-------+-------+-------+-------+-------+----------------------
         Total | 100.0 | 100.0 |   N/A |   N/A | 100.0 |  14.5
       Dungeon | 100.0 | 100.0 |   N/A |   N/A | 100.0 |  14.5
               +-------+-------+-------+-------+-------+----------------------

Table legend: (Time is in decaauts)
 A = Elapsed time spent in this place.
 B = Non-inter-level travel time spent in this place.
 C = Inter-level travel time spent in this place.
 D = Time resting spent in this place.
 E = Time spent auto-exploring this place.
 F = Levels seen in this place.
 G = Mean time per level.
                   A        B        C        D        E       F      G
               +--------+--------+--------+--------+--------+-----+--------+
         Total |   2212 |   2121 |     91 |    554 |   1426 |   2 | 1106.0 |
       Dungeon |   2212 |   2121 |     91 |    554 |   1426 |   2 | 1106.0 |
               +--------+--------+--------+--------+--------+-----+--------+

Top non-repeatable levels by time:
     D:1: 1918 daAuts
     D:2: 293 daAuts
